 Dungeon Crawl Stone Soup version 0.29.0-4-gdea44cf6ec (webtiles) character file.

Game seed: 6426281979091564360

665 qw the Cleaver (level 7, 0/60 HPs)
             Began as a Minotaur Berserker on Sept 8, 2022.
             Was a Believer of Trog.
             Slain by a gnoll
             ... wielding a +0 halberd
             ... led by a gnoll bouda
              (11 damage)
             ... on level 4 of the Dungeon.
             The game lasted 00:01:20 (4396 turns).

qw the Cleaver (Minotaur Berserker)                 Turns: 4396, Time: 00:01:20

Health: 0/60       AC: 11    Str: 23    XL:     7   Next: 31%
Magic:  6/6        EV:  8    Int: 12    God:    Trog [**....]
Gold:   176        SH:  7    Dex: 10    Spells: 6/6 levels left

rFire   . . .      SeeInvis .   Y - +0 hand axe (flame)
rCold   + . .      Faith    .   a - +3 warlock's mirror {reflect}
rNeg    . . .      Spirit   .   h - +1 chain mail of Eternal Night {rC+ Int+8 Slay-2}
rPois   .          Reflect  +   (helmet restricted)
rElec   .          Harm     .   (no cloak)
rCorr   .          Rampage  .   f - +0 pair of gloves
Will    .....                   (no boots)
Stlth   ..........              (no amulet)
HPRegen 0.20/turn               (no ring)
MPRegen 0.10/turn               (no ring)

@: on berserk cooldown, slowed, very slow
A: horns 2, retaliatory headbutt
a: Renounce Religion, Berserk, Trog's Hand


You were on level 4 of the Dungeon.
You worshipped Trog.
Trog was pleased with you.
You visited 1 branch of the dungeon, and saw 4 of its levels.

You collected 176 gold pieces.


Innate Abilities, Weirdness & Mutations

You have a pair of horns on your head.
You reflexively headbutt those who attack you in melee.


   Skills:
 - Level 4.3 Fighting
 - Level 9.0 Axes
 - Level 4.1 Armour
 - Level 2.1 Dodging
 + Level 2.1 Shields


You had 6 spell levels left.
You didn't know any spells.
Your spell library was empty.

Inventory:

Hand Weapons
 Y - a +0 hand axe of flaming (weapon)
Missiles
 b - 2 boomerangs (quivered)
Armour
 a - the +3 warlock's mirror (worn) {reflect}
   (You acquired it on level 1 of the Dungeon)

   It can block and reflect piercing ranged attacks and magical attacks against
   the wielder's willpower.
 f - a +0 pair of gloves (worn)
 h - the +1 chain mail of Eternal Night (worn) {rC+ Int+8 Slay-2}
   (You acquired it on level 3 of the Dungeon)

   Int:       It affects your intelligence (+8).
   Slay:      It affects your accuracy & damage with ranged weapons and melee
   (-2).
   rC:        It protects you from cold.
Scrolls
 c - a scroll of identify
Potions
 d - a potion of heal wounds
 e - a potion of curing {unknown}
 j - a potion of invisibility {unknown}
 k - a potion of degeneration {unknown}

Dungeon Overview and Level Annotations

Branches:
Dungeon (4/15)
 Temple: D:4-7

Altars:
Sif Muna
Vehumet

Shops:
D:1 (=


Message History

Your headbutt misses the gnoll bouda.
A gnoll comes into view. It is wielding a +0 halberd.
The gnoll bouda barks out a call to the hunt!
The gnoll picks up the pace!
You barely miss the gnoll bouda.
A gnoll comes into view. It is wielding a +0 spear.
The gnoll bouda barks out a call to the hunt!
The gnoll picks up the pace!
You barely miss the gnoll bouda. You headbutt the gnoll bouda.
The gnoll bouda is lightly wounded.
The gnoll bouda hits you with a +0 club.
The gnoll hits you from afar with a +0 halberd.
A gnoll comes into view. It is wielding a +0 club.
A gnoll comes into view. It is wielding a +0 flail.
You hit the gnoll bouda but do no damage.
The gnoll bouda is lightly wounded.
The gnoll hits you but does no damage.
The gnoll hits you from afar with a +0 halberd.
The gnoll bouda hits you with a +0 club.
You block the gnoll's attack.
The gnoll hits you from afar with a +0 halberd.
You closely miss the gnoll bouda.
The gnoll bouda is lightly wounded.
The gnoll bouda hits you with a +0 club.
The gnoll barely misses you.
The gnoll hits you from afar with a +0 halberd!
You barely miss the gnoll bouda.
The gnoll bouda is lightly wounded.
The gnoll bouda barely misses you. The gnoll hits you but does no damage.
You block the gnoll's attack.
The gnoll bouda hits you with a +0 club.
You slash the gnoll bouda! You burn the gnoll bouda.
The gnoll bouda is severely wounded.
You hit the gnoll. You burn the gnoll. You barely miss the gnoll.
You block the gnoll's attack.
The gnoll hits you from afar with a +0 halberd.
The gnoll hits you but does no damage. You block the gnoll's attack.
The gnoll bouda hits you with a +0 club!
The gnoll hits you from afar with a +0 halberd!
You die...

#.........#
#...
#.......).#
##..
####....%.#
#.. #.#....#
#.. #.....##
#.. #####.#
#..
###...###
###
#..)...?#
#..g@g..#
#....g..#
#..gg...#
.........#
#......#####
#......
#...$..
#......


You could see a gnoll bouda and 4 gnolls.

Vanquished Creatures
  Eustachio (D:4)
  An ogre (D:4)
  Blork the orc (D:4)
  An orc priest (D:3)
  A hound (D:4)
  Ijyb (D:4)
  2 iguanas (D:4)
  3 orc wizards
  Robin (D:2)
  3 gnolls (D:4)
  4 adders (D:3)
  2 worms
  A dart slug (D:1)
  4 orcs
  10 endoplasms
  5 giant cockroaches
  12 goblins
  5 hobgoblins
  4 jackals (D:1)
  6 quokkas
  9 ball pythons
  4 bats
  6 frilled lizards
  4 kobolds
  5 rats
96 creatures vanquished.

Vanquished Creatures (others)
  2 plants (D:2)
2 creatures vanquished.

Grand Total: 98 creatures vanquished

Notes
Turn   | Place    | Note
-------+----------+-------------------------------------------
     0 | D:1      | qw the Minotaur Berserker began the quest for the Orb.
     0 | D:1      | Reached XP level 1. HP: 19/19 MP: 0/0
     0 | D:1      | 0 ||| qw: Version: 0.1-a-112-g44dc6cd
     0 | D:1      | 0 ||| qw: Game counter: 6705
     0 | D:1      | 0 ||| qw: Always use a shield: true
     0 | D:1      | 0 ||| qw: Do Orc after D:15 true
     0 | D:1      | 0 ||| qw: Do second Lair branch before Depths: true
     0 | D:1      | 0 ||| qw: Lair rune preference: random
     0 | D:1      | 0 ||| qw: Plans: Normal
     0 | D:1      | 0 ||| PLANNING D:1-11
    86 | D:1      | 86 ||| Stepping ~*~*~tactically~*~*~ (stealth).
    97 | D:1      | Reached skill level 4 in Axes
   307 | D:1      | Reached XP level 2. HP: 19/26 MP: 1/1
   601 | D:1      | Found Suxzyl Xoli's Antique Weapon Shoppe.
   604 | D:1      | Found Coshri's Jewellery Boutique.
   612 | D:1      | 612 ||| SHOPLISTING club (28 gold, have 8).
   612 | D:1      | 612 ||| SHOPLISTING whip (70 gold, have 8).
   620 | D:1      | 620 ||| SHOPLISTING +4 ring of evasion (504 gold, have 8).
   620 | D:1      | 620 ||| SHOPLISTING +4 ring of protection (504 gold, have
                  | 8).
   620 | D:1      | 620 ||| SHOPLISTING amulet of the acrobat (420 gold, have
                  | 8).
   620 | D:1      | 620 ||| SHOPLISTING ring "Nuij" {Fly Str+3} (431 gold, have
                  | 8).
   620 | D:1      | 620 ||| SHOPLISTING ring of positive energy (280 gold, have
                  | 8).
   620 | D:1      | 620 ||| SHOPLISTING ring of see invisible (210 gold, have
                  | 8).
   620 | D:1      | 620 ||| SHOPLISTING ring of the Dragon {rN+ Dex+3} (466
                  | gold, have 8).
   625 | D:1      | 625 ||| Stepping ~*~*~tactically~*~*~ (stealth).
   626 | D:1      | 626 ||| Stepping ~*~*~tactically~*~*~ (stealth).
   687 | D:1      | 687 ||| Stepping ~*~*~tactically~*~*~ (stealth).
   825 | D:1      | Reached skill level 5 in Axes
   929 | D:1      | Reached XP level 3. HP: 31/31 MP: 2/2
  1399 | D:1      | 1399 ||| UPGRADING to +0 pair of gloves.
  1404 | D:1      | 1404 ||| UPGRADING to +0 leather armour.
  1414 | D:1      | 1414 ||| DROPPING +0 animal skin.
  1415 | D:1      | 1415 ||| READING scroll labelled SARORCHU KOUVI.
  1416 | D:1      | 1416 ||| READING 2 scrolls labelled NONLUS HUHUMAX.
  1417 | D:1      | 1417 ||| READING scroll labelled NAULYSHAGE.
  1417 | D:1      | Identified a scroll of acquirement
  1417 | D:1      | 1417 ||| ACQUIRING +3 warlock's mirror {reflect}
  1417 | D:1      | Acquired the +3 warlock's mirror {reflect}
  1417 | D:1      | Found the +3 warlock's mirror {reflect}
  1419 | D:1      | 1419 ||| UPGRADING to +3 warlock's mirror {reflect}.
  1424 | D:1      | 1424 ||| READING scroll labelled OSIGECU JOLACW.
  1425 | D:1      | 1425 ||| READING scroll labelled UMUSUR MALADA.
  1426 | D:1      | 1426 ||| DROPPING scroll of immolation.
  1472 | D:2      | 1472 ||| STAIRDANCE
  1482 | D:2      | 1482 ||| INVOKING Berserk.
  1497 | D:2      | 1497 ||| STAIRDANCE
  1694 | D:2      | Reached skill level 1 in Shields
  2023 | D:2      | Reached ** piety under Trog
  2027 | D:2      | Noticed Robin
  2033 | D:2      | 2033 ||| INVOKING Berserk.
  2034 | D:2      | Killed Robin
  2035 | D:2      | Reached XP level 4. HP: 39/39 MP: 3/3
  2338 | D:2      | 2338 ||| READING scroll labelled GOCWIWYUNA.
  2339 | D:2      | 2339 ||| READING scroll labelled SERPHEA YREVUYC.
  2423 | D:3      | Reached skill level 6 in Axes
  2527 | D:3      | 2527 ||| Stepping ~*~*~tactically~*~*~ (hiding).
  2532 | D:3      | 2532 ||| INVOKING Berserk.
  2571 | D:3      | Reached XP level 5. HP: 14/45 MP: 4/4
  2902 | D:3      | Reached skill level 7 in Axes
  2985 | D:3      | Found a radiant altar of Vehumet.
  2985 | D:3      | Found a shimmering blue altar of Sif Muna.
  2989 | D:3      | 2989 ||| UPGRADING to +0 scale mail.
  3019 | D:3      | 3019 ||| DROPPING +0 leather armour.
  3069 | D:3      | 3069 ||| READING scroll of acquirement.
  3069 | D:3      | 3069 ||| ACQUIRING +1 chain mail of Eternal Night {rC+
                  | Int+8 Slay-2}
  3069 | D:3      | Acquired the +1 chain mail of Eternal Night {rC+ Int+8
                  | Slay-2}
  3071 | D:3      | 3071 ||| UPGRADING to +1 chain mail of Eternal Night {rC+
                  | Int+8 Slay-2}.
  3081 | D:3      | 3081 ||| DROPPING +0 scale mail.
  3099 | D:3      | You fall into a shaft and drop 1 floor!
  3136 | D:4      | Noticed Ijyb
  3137 | D:4      | 3137 ||| Stepping ~*~*~tactically~*~*~ (hiding).
  3145 | D:4      | 3145 ||| INVOKING Berserk.
  3148 | D:4      | Killed Ijyb
  3292 | D:4      | 3292 ||| READING scroll labelled NUUBLA ZIEPN.
  3294 | D:4      | Noticed an ogre
  3298 | D:4      | 3298 ||| INVOKING Berserk.
  3301 | D:4      | Killed an ogre
  3302 | D:4      | Reached XP level 6. HP: 53/53 MP: 5/5
  3406 | D:4      | 3406 ||| READING scroll labelled GOBBAH TONYTAH.
  3455 | D:4      | Noticed Blork the orc
  3459 | D:4      | 3459 ||| INVOKING Berserk.
  3462 | D:4      | Killed Blork the orc
  3463 | D:4      | Reached skill level 8 in Axes
  3480 | D:4      | 3480 ||| FLEEEEING.
  3482 | D:4      | 3482 ||| FLEEEEING.
  3483 | D:4      | 3483 ||| FLEEEEING.
  3484 | D:4      | 3484 ||| FLEEEEING.
  3485 | D:4      | 3485 ||| FLEEEEING.
  3486 | D:4      | 3486 ||| FLEEEEING.
  3487 | D:4      | 3487 ||| FLEEEEING.
  3488 | D:4      | 3488 ||| STAIRDANCE
  4034 | D:3      | 4034 ||| DROPPING amulet of faith.
  4035 | D:3      | 4035 ||| READING 3 scrolls labelled OTRUS SAULIKA.
  4036 | D:3      | 4036 ||| READING scroll labelled NITINYSHAF.
  4037 | D:3      | 4037 ||| READING 2 scrolls of identify.
  4037 | D:3      | 4037 ||| IDENTIFYING black potion
  4173 | D:4      | 4173 ||| Stepping ~*~*~tactically~*~*~ (hiding).
  4174 | D:4      | 4174 ||| Stepping ~*~*~tactically~*~*~ (hiding).
  4177 | D:4      | 4177 ||| INVOKING Berserk.
  4351 | D:4      | Noticed Eustachio
  4355 | D:4      | 4355 ||| INVOKING Berserk.
  4358 | D:4      | Reached skill level 9 in Axes
  4358 | D:4      | Reached XP level 7. HP: 60/60 MP: 6/6
  4362 | D:4      | Killed Eustachio
  4396 | D:4      | HP: 11/60 [gnoll bouda/+0 club (9)]
  4396 | D:4      | Slain by a gnoll

Levels and vault maps discovered:
D:1:      roderic_chinese_lattice_arrival, layout_loops_corners, serial_shops,
          shop, shop, minmay_3d_cube
D:2:      layout_basic, hangedman_decor_growths, serial_bayou_pond_e, uniq_robin
D:3:      layout_basic, jmf_multi_god_temple, minmay_fractal_squares_gapless_5
D:4:      layout_basic, okawaru_altar_gauntlet_db, uniq_blork_the_orc,
          uniq_eustachio, uniq_ijyb

Skill      XL: |  1  2  3  4  5  6  7 |
---------------+----------------------+-----
Axes           | 4 5 6 7 9 |  9.0
Shields        | 1 2 |  2.1
Fighting       | 4 |  4.3
Armour         | 4 |  4.1
Dodging        | |  2.1

Action                   |  1- 3 |  4- 6 |  7- 9 || total
-------------------------+-------+-------+-------++-------
Melee: Hand axe          |   106 |    95 |    12 ||   213
       Headbutt          |    13 |    10 |     3 ||    26
Throw: Boomerang         |       |    26 |       ||    26
Invok: Berserk           |     2 |     6 |       ||     8
  Use: Scroll            |     5 |     8 |       ||    13
 Stab: Paralysed         |       |     1 |       ||     1
Armor: Animal skin       |     8 |       |       ||     8
       Leather armour    |     1 |     9 |       ||    10
       Scale mail        |       |     3 |       ||     3
       Chain mail        |       |    15 |     3 ||    18
Dodge: Dodged            |    50 |    14 |     3 ||    67
Block: Buckler           |     6 |    28 |     5 ||    39
       Reflection        |       |     2 |       ||     2

Table legend:
 A = Non-vault XP
 B = Vault XP
 C = Vault XP percentage of total XP
 D = Non-vault monster count
 E = Vault monster count
 F = Vault count percentage of total count
                 A         B        C        D         E       F
            +---------+---------+-------+---------+---------+-------
      Total |     578 |     372 |  39.2 |      76 |      20 |  20.8
            +---------+---------+-------+---------+---------+-------
        D:1 |      52 |       3 |   5.5 |      31 |       2 |   6.1
        D:2 |      24 |      33 |  57.9 |      13 |      11 |  45.8
        D:3 |     180 |      19 |   9.5 |      19 |       4 |  17.4
        D:4 |     322 |     317 |  49.6 |      13 |       3 |  18.8
            +---------+---------+-------+---------+---------+-------
